 Dungeon Sprint DCSS version 0.27.1 (webtiles) character file.

Game seed: 13770690163187539166

9 styxcanada the Sneak (level 2, -7/15 HPs)
             Began as a Spriggan Brigand on Aug 30, 2021.
             Splashed by an oklob sapling's acid (12 damage)
             ... in the Dungeon (Sprint IV: "Fedhas' Mad Dash").
             The game lasted 00:00:37 (138 turns).

styxcanada the Sneak (Spriggan Brigand)              Turns: 138, Time: 00:00:38

Health: -7/15      AC:  3    Str:  7    XL:     2   Next: 6%
Magic:  3/3        EV: 17    Int: 12    God:
Gold:   0          SH:  0    Dex: 16    Spells: 1/1 levels left

rFire    . . .     SeeInvis +   a - +2 dagger
rCold    . . .     Faith    .   (shield restricted)
rNeg     . . .     Spirit   .   b - +0 robe
rPois    .         Reflect  .   (helmet restricted)
rElec    .         Harm     .   c - +0 cloak
rCorr    .         Rampage  .   (gloves unavailable)
Will     .....     NoTele   +   (boots unavailable)
Stlth    ++++......             (no amulet)
HPRegen  0.05/turn              (no ring)
MPRegen  0.08/turn              (no ring)

@: very quick
A: very small, no large weapons, unfitting armour, see invisible, speed 3
a: no special abilities


You were in the Dungeon.
You visited 1 branch

Inventory:

Hand Weapons
 a - a +2 dagger (weapon)
Missiles
 d - 8 poisoned darts (quivered)
 e - 2 curare-tipped darts
Armour
 b - a +0 robe (worn)
 c - a +0 cloak (worn)
Scrolls
 k - a scroll of blinking
 l - a scroll of identify {unknown}
Potions
 f - a potion of curing
 g - a potion of heal wounds
 h - a potion of haste
 i - 2 potions of magic
 j - a potion of berserk rage


   Skills:
 * Level 1.9 Fighting
 + Level 2.5 Short Blades
 + Level 2.2 Throwing
 * Level 2.2 Dodging
 * Level 7.8 Stealth


You had one spell level left.
You didn't know any spells.
Your spell library was empty.

Dungeon Overview and Level Annotations

Branches:
Dungeon (1/1)

Altars:

Annotations:
D exclusion: oklob sapling


Innate Abilities, Weirdness & Mutations

You are very small and have problems with some larger weapons.
You are too small for most types of armour.
You have supernaturally acute eyesight. (SInv)
You cover ground extremely quickly. (Speed+++)


Message History

Press: ? - help, Q - select action, (/) - cycle Shift-Dir - straight line, f/p - river rat
Aim: a river rat (almost dead, very poisoned, 57% to hit)
You throw a poisoned dart. The poisoned dart hits the river rat.
The river rat looks as sick as possible!
The river rat is almost dead.
You kill the river rat!
Your Dodging skill increases to level 2!
Your Stealth skill gained 2 levels and is now at level 7!
You have reached level 2!
d - 2 poisoned darts You see here a river rat corpse.
You hit the fungus.
The fungus is lightly damaged.
A nearby fungus withers and dies.
d - 4 poisoned darts (gained 2)
You see here a poisoned dart.
There is an open door here.
You see here a scroll labelled OQAJUGOUCE.
You hit the rat.
You kill the rat!
You see here a rat corpse.
d - 6 poisoned darts (gained 2)
You see here a rat corpse.
l - a scroll labelled OQAJUGOUCE
There is an open door here.
d - 7 poisoned darts (gained 1)
There is an open door here.
d - 8 poisoned darts (gained 1)
You start resting.
HP restored.
You open the door.
An oklob sapling comes into view.
Marking area around an oklob sapling as unsafe for travelling.
Found 43 gold pieces.
The oklob sapling spits acid at you. The splash of acid hits you!
Ouch! That really hurt!
You are splashed with acid!
Ouch! That really hurt!
You die...

##################
#<†..#.....#.$$$$#
#PP..'..†..@.#
#PPPP#.....#P#
##############


You could see an oklob sapling.

Vanquished Creatures
  A river rat (D)
  A rat (D)
2 creatures vanquished.

Vanquished Creatures (others)
  A fungus (D)
1 creature vanquished.

Grand Total: 3 creatures vanquished

Notes
Turn   | Place    | Note
-------+----------+-------------------------------------------
     0 | D        | styxcanada the Spriggan Brigand began the quest for the
                  | Orb.
     0 | D        | Reached XP level 1. HP: 10/10 MP: 2/2
    21 | D        | Reached skill level 7 in Stealth
    21 | D        | Reached XP level 2. HP: 9/15 MP: 3/3
   137 | D        | Noticed an oklob sapling
   138 | D        | Splashed by an oklob sapling's acid

Illustrated notes

Levels and vault maps discovered:
D:        dungeon_sprint_fedhas [sprint_temple]

Skill      XL: |  1 |
---------------+----+-----
Dodging        | 2 |  2.2
Stealth        | 7 |  7.8
Fighting       | |  1.9
Short Blades   | |  2.5
Throwing       | |  2.2

Action                   || total
-------------------------++-------
Melee: Dagger            ||     2
Throw: Dart              ||     8
Dodge: Dodged            ||     3
